 Dungeon Crawl Stone Soup version 0.32-a0-391-gce5c0aab1b (webtiles) character file.

Game seed: 16758130846237408692

1720 Zeldest the Chopper (level 8, -1/64 (69) HPs)
             Began as a Mountain Dwarf Fighter on Feb 20, 2024.
             Slain by a wight
             ... wielding a +0 great sword
              (17 damage)
             ... on level 7 of the Dungeon.
             The game lasted 00:05:04 (6755 turns).

Zeldest the Chopper (Mountain Dwarf Fighter)        Turns: 6755, Time: 00:05:04

HP:   -1/64 (69)    AC:  9    Str: 21    XL:     8   Next: 75%
MP:   8/8           EV:  8    Int:  9    God:
Gold: 194           SH:  0    Dex:  9    Spells: 7/7 levels left

rFire   . . .        a - +0 halberd (flame)
rCold   . . .        (shield currently unavailable)
rNeg    . . .        i - +0 chain mail
rPois   .            (no helmet)
rElec   .            (no cloak)
rCorr   .            (no gloves)
SInv    .            (no boots)
Will    +....        m - amulet of faith Stlth
                     o - ring of willpower
HPRegen 0.30/turn    (no ring)
MPRegen 0.11/turn

%: faith
@: mighty, drained
A: runic magic, artefact enchanting
a: no special abilities


You were on level 7 of the Dungeon.
You visited 1 branch of the dungeon, and saw 7 of its levels.

You collected 392 gold pieces.
You spent 198 gold pieces at shops.

Inventory:

Hand Weapons
 a - a +0 halberd of flaming (weapon)
 b - a +0 bardiche
Armour
 i - a +0 chain mail (worn)
Jewellery
 m - an amulet of faith (around neck)
 o - a ring of willpower (left hand)
 s - a ring of positive energy
 B - a ring of protection from fire
Wands
 u - a wand of polymorph (5)
 x - a wand of charming (3)
 y - a wand of acid (11)
 A - a wand of mindburst (14)
Scrolls
 e - 2 scrolls of enchant weapon
 g - 2 scrolls of enchant armour {unknown}
 h - 2 scrolls of vulnerability {unknown}
 j - 2 scrolls of fear {unknown}
 k - 2 scrolls of teleportation {unknown}
 n - a scroll of noise {unknown}
 p - 3 scrolls of identify {unknown}
 r - 2 scrolls of fog {unknown}
 C - a scroll of revelation {unknown}
Potions
 f - 3 potions of ambrosia {unknown}
 l - a potion of resistance {unknown}
 q - 2 potions of brilliance {unknown}
 t - 2 potions of lignification {unknown}
 v - a potion of attraction {unknown}
 w - 2 potions of enlightenment {unknown}
 z - a potion of heal wounds {unknown}
 D - a potion of haste {unknown}


   Skills:
 - Level 5.4 Fighting
 - Level 6.9(8.7) Axes
 * Level 6.8(7.8) Polearms
 - Level 5.4 Armour
 - Level 5.4 Shields


You had 7 spell levels left.
You didn't know any spells.
Your spell library contained the following spells:

 Spells                   Type           Power      Damage    Failure   Level
 Necrotise                Necr           0%         1d4       54%         1
 Vampiric Draining        Necr           0%         2d6       88%         3
 Martyr's Knell           Necr/Summ      0%         N/A       99%         4
 Olgreb's Toxic Radiance  Alch           0%         N/A       99%         4
 Curse of Agony           Necr           0%         N/A       100%        5
 Ozocubu's Refrigeration  Ice            0%         4d7       100%        7
 Discord                  Hex            0%         N/A       100%        8


Dungeon Overview and Level Annotations

Branches:
Dungeon (7/15) Zot: 26938
 Temple: D:4-7

Altars:
Cheibriados
Dithmenos
Gozag
Trog
Uskayaw
Vehumet
Wu Jian
The Shining One

Shops:
D:5 *

Annotations:
D:5 2 transporters


Innate Abilities, Weirdness & Mutations

Your spellcasting is much less encumbered by armour.
You can use scrolls of enchantment on lesser artefacts.


Message History

You closely miss the wight.
The wight is heavily damaged.
The wight hits you with a +0 battleaxe.
You feel drained.
You slash the wight! You burn the wight.
You destroy the wight!
The wight hits you with a +0 morningstar!
You feel drained.
You closely miss the wight.
The wight hits you with a +0 morningstar!
You feel drained.
You slash the wight! You burn the wight.
The wight is severely damaged.
The wight barely misses you.
You closely miss the wight.
The wight is severely damaged.
The wight hits you with a +0 morningstar.
You feel drained.
You hit the wight but do no damage.
The wight is severely damaged.
The wight hits you with a +0 morningstar.
* * * LOW HITPOINT WARNING * * *
You feel drained.
* * * LOW HITPOINT WARNING * * *
You feel very mighty all of a sudden.
The wight hits you with a +0 morningstar!
* * * LOW HITPOINT WARNING * * *
You feel better. The wight closely misses you.
You barely miss the wight.
The wight is severely damaged.
The wight hits you but does no damage.
You impale the wight!! You burn the wight.
You destroy the wight!
You hit the wight. You burn the wight.
The wight is moderately damaged.
The wight barely misses you.
You completely miss the wight.
The wight is moderately damaged.
The wight barely misses you.
The wight hits you with a +0 great sword!
You die...

... .....
#.# ... #.#
... #.# ...
#.# #.# #.#
#.# #.# #z#
#####.# #@#
#...#.####.#
#..........#
###
#...#.######
..# ##.##.#
#.# #.##.#
#.# #.##.#
#.# #.##.#
#.## #.##.#


You could see a wight.

Vanquished Creatures
  A steam dragon (D:4)
  A water moccasin (D:6)
  An ice beast (D:5)
  A black bear (D:6)
  An ogre (D:6)
  A centaur (D:6)
  2 kobold brigands (D:6)
  A bullfrog (D:6)
  2 scorpions
  2 wights (D:7)
  A howler monkey (D:5)
  2 bombardier beetles (D:5)
  A jelly (D:5)
  2 hounds
  An orc priest (D:4)
  2 sleepcaps
  Natasha (thrice) (D:3)
  4 iguanas
  4 gnolls
  4 adders
  4 shadow imps
  2 dart slugs
  A ribbon worm (D:3)
  8 orcs
  2 endoplasms
  4 giant cockroaches
  6 goblins
  4 hobgoblins
  7 quokkas
  5 ball pythons
  2 frilled lizards (D:1)
  12 kobolds
  8 rats
102 creatures vanquished.

Notes
Turn   | Place    | Note
-------+----------+-------------------------------------------
     0 | D:1      | Zeldest the Mountain Dwarf Fighter began the quest for the
                  | Orb.
     0 | D:1      | Reached XP level 1. HP: 19/19 MP: 1/1
    17 | D:1      | Reached XP level 2. HP: 13/26 MP: 2/2
   236 | D:1      | Reached XP level 3. HP: 30/31 MP: 3/3
   922 | D:2      | Found a radiant altar of Vehumet.
  1162 | D:3      | Noticed Natasha
  1169 | D:3      | Killed Natasha
  1170 | D:3      | Reached XP level 4. HP: 31/40 MP: 4/4
  1302 | D:3      | Found a bloodstained altar of Trog.
  1479 | D:3      | Found a glowing golden altar of the Shining One.
  1685 | D:3      | Found a faded altar of an unknown god.
  1849 | D:3      | Noticed Natasha
  1856 | D:3      | Killed Natasha
  1877 | D:3      | Noticed Natasha
  2060 | D:3      | Killed Natasha
  2061 | D:3      | Reached XP level 5. HP: 36/46 MP: 5/5
  2515 | D:4      | Reached skill level 5 in Axes
  2689 | D:4      | Reached XP level 6. HP: 24/53 MP: 6/6
  2911 | D:4      | Noticed a steam dragon
  2927 | D:4      | Killed a steam dragon
  3742 | D:5      | Entered Level 5 of the Dungeon
  3790 | D:5      | Identified the +6 ring mail of Fuduwish {rElec rF+++ Slay+3
                  | Stlth+}
  3830 | D:5      | Found a transporter.
  3853 | D:5      | Found a snail-covered altar of Cheibriados.
  3883 | D:5      | Noticed an ice beast
  3894 | D:5      | Killed an ice beast
  3895 | D:5      | Reached XP level 7. HP: 26/60 MP: 7/7
  3898 | D:5      | Reached skill level 5 in Fighting
  3898 | D:5      | Reached skill level 5 in Armour
  3898 | D:5      | Reached skill level 5 in Shields
  3965 | D:5      | HP: 2/61 [scorpion (4)]
  4114 | D:5      | Identified the ring "Awe Uclu" {rN+ MP+9 Int+6 Stlth+}
  4152 | D:5      | Found a transporter.
  4289 | D:5      | HP: 1/61 [burnt (4)]
  4478 | D:5      | Found a hide-covered altar of Uskayaw.
  4533 | D:5      | Identified the +6 scale mail of Pride {rF+}
  4555 | D:5      | Found Erarr's General Store.
  4569 | D:5      | Bought a +0 bardiche for 108 gold pieces
  4569 | D:5      | Bought a scroll of enchant weapon for 90 gold pieces
  4772 | D:5      | Found an opulent altar of Gozag.
  4883 | D:6      | HP: 2/61 [black bear (6)]
  4886 | D:6      | Reached skill level 1 in Polearms
  5119 | D:6      | Reached XP level 8. HP: 13/69 MP: 8/8
  5429 | D:6      | Found a shadowy altar of Dithmenos.
  5766 | D:6      | Reached skill level 5 in Polearms
  6696 | D:7      | Found an ornate altar of the Wu Jian Council.
  6755 | D:7      | Slain by a wight

Illustrated notes

Levels and vault maps discovered:
D:1:      mrwooster_arrival_arrow, layout_loops_ring
D:2:      layout_rooms, basic_altar
D:3:      layout_loops_cross, overflow_temple_1_default, trog_book,
          shapermc_ecumenical_altar_flowoftime, minmay_misc_feat_ornament,
          kennysheep_generic_room_11, uniq_natasha
D:4:      layout_cave_pods, nicolae_eternal_life, chequers_jeans
D:5:      layout_basic, lemuel_crystal_altar,
          mainiacjoe_overflow_large_starburst, minmay_temple_entry_from_below_a,
          serial_shops, nicolae_shop_pleasant_corner_grove,
          gammafunk_ghost_gnarly_gnolls
D:6:      layout_cave_pods, mainiacjoe_overflow_surrounded_room,
          kennysheep_potato
D:7:      layout_loops_ring, amcnicky_altar_gilded, lemuel_round_altar,
          nicolae_custom_books, uniq_crazy_yiuf_cottage

Skill      XL: |  1  2  3  4  5  6  7  8 |
---------------+-------------------------+-----
Axes           | 3 4 5 6 |  6.9
Fighting       | 4 5 |  5.4
Armour         | 4 5 |  5.4
Shields        | 4 5 |  5.4
Polearms       | 2 6 |  6.8

Action                     |  1- 3 |  4- 6 |  7- 9 || total
---------------------------+-------+-------+-------++-------
  Melee: War axe           |    68 |   159 |    35 ||   262
         Unarmed           |       |     3 |       ||     3
         Halberd           |       |       |   147 ||   147
    Use: Potion            |       |     1 |     6 ||     7
 Armour: Scale mail        |    33 |       |       ||    33
         Chain mail        |    11 |   149 |   167 ||   327
         Skin              |       |     2 |       ||     2
  Dodge: Dodged            |    25 |    73 |    87 ||   185
  Block: Buckler           |     8 |    33 |     3 ||    44

Table legend: (Time is in decaauts)
 A = Elapsed time spent in this place.
 B = Non-inter-level travel time spent in this place.
 C = Inter-level travel time spent in this place.
 D = Time resting spent in this place.
 E = Time spent auto-exploring this place.
 F = Levels seen in this place.
 G = Mean time per level.
                   A        B        C        D        E       F      G
               +--------+--------+--------+--------+--------+-----+--------+
         Total |   6863 |   6458 |    405 |   2007 |   3490 |   7 |  980.4 |
       Dungeon |   6863 |   6458 |    405 |   2007 |   3490 |   7 |  980.4 |
               +--------+--------+--------+--------+--------+-----+--------+

Top non-repeatable levels by time:
     D:6: 1867 daAuts
     D:4: 1570 daAuts
     D:3: 1124 daAuts
     D:5: 1008 daAuts
     D:1: 773 daAuts
     D:2: 458 daAuts
     D:7: 60 daAuts
